 Dungeon Crawl Stone Soup version 0.30-a0-168-g0b976cbdc4 (webtiles) character file.

Game seed: 9494173757940823386

82392 qw the Severer (level 15, -16/98 HPs)
             Began as a Gargoyle Fighter on Sept 29, 2022.
             Was a High Priest of Okawaru.
             Killed from afar by a deep elf knight (21 damage)
             ... with a shard of ice
             ... on level 14 of the Dungeon.
             The game lasted 00:11:03 (29592 turns).

qw the Severer (Gargoyle Fighter)                  Turns: 29592, Time: 00:11:04

Health: -16/98     AC: 43    Str: 26    XL:     15   Next: 73%
Magic:  22/22      EV: 12    Int: 10    God:    Okawaru [*****.]
Gold:   2535       SH:  9    Dex: 15    Spells: 14/14 levels left

rFire   + . .      SeeInvis .    Y - +3 broad axe (flame)
rCold   . . .      Faith    .    s - +2 buckler
rNeg    + . .      Spirit   .    a - +0 plate armour
rPois   inf        Reflect  .    c - +0 helmet
rElec   +          Harm     .    k - +0 cloak
rCorr   .          Rampage  .    i - +1 pair of gloves
Will    +....                    m - +2 pair of boots
Stlth   ..........               (no amulet)
HPRegen 0.26/turn                r - ring of Zolafugh {rF+ Dex+6 Stlth+}
MPRegen 0.18/turn                p - +4 ring of protection

@: heroic, flying
A: sickness immunity, AC +11, big wings, negative energy resistance 1,
electricity resistance, torment resistance 1, petrification resistance
a: Renounce Religion, Heroism, Finesse, Duel


You were on level 14 of the Dungeon.
You worshipped Okawaru.
Okawaru was extremely pleased with you.
You visited 3 branches of the dungeon, and saw 20 of its levels.
You also visited: Sewer.

You collected 2593 gold pieces.
You spent 58 gold pieces at shops.


Innate Abilities, Weirdness & Mutations

You are immune to sickness and miasma.
Your stone body is resilient. (AC +11)
You are immune to poison.
Your large and strong wings let you fly.
You resist negative energy. (rN+)
You are resistant to electric shocks. (rElec)
You are resistant to unholy torment.
You are immune to petrification.


   Skills:
 - Level 13.0(18.0) Fighting
 - Level 17.0(22.0) Axes
 - Level 5.1(10.1) Throwing
 + Level 12.3(17.3) Armour
 - Level 4.1(9.1) Dodging
 - Level 8.0(13.0) Shields
 - Level 10.0 Invocations


You had 14 spell levels left.
You didn't know any spells.
Your spell library was empty.

Inventory:

Hand Weapons
 Y - a +3 broad axe of flaming (weapon)
Missiles
 u - 6 javelins (quivered)
 y - a boomerang
Armour
 a - a +0 plate armour (worn)
 b - a +0 tower shield
 c - a +0 helmet (worn)
 i - a +1 pair of gloves (worn)
 k - a +0 cloak (worn)
 m - a +2 pair of boots (worn)
 s - a +2 buckler (worn)
 w - the +1 robe of the Lily {rPois rCorr SInv}
   (You found it on level 13 of the Dungeon)

   rPois:     It protects you from poison.
   SInv:      It lets you see invisible.
   rCorr:     It protects you from acid and corrosion.
Jewellery
 f - a ring of fire
 h - a +6 ring of strength
 p - a +4 ring of protection (right hand)
 r - the ring of Zolafugh (left hand) {rF+ Dex+6 Stlth+}
   (You found it on level 2 of the Lair of Beasts)

   [ring of dexterity]

   Dex:       It affects your dexterity (+6).
   rF:        It protects you from fire.
   Stlth:     It makes you more stealthy.
Scrolls
 j - 15 scrolls of identify
Potions
 d - 3 potions of might
 e - 4 potions of resistance
 g - a potion of haste
 l - 2 potions of cancellation
 n - 3 potions of curing
 o - 8 potions of lignification
 q - 2 potions of magic
 t - a potion of attraction
 v - 2 potions of heal wounds
 x - 4 potions of mutation

Dungeon Overview and Level Annotations

Branches:
Dungeon (14/15)            Temple (1/1) D:6            Lair (5/5) D:11
  Swamp (0/4) Lair:2       Spider (0/4) Lair:3        Slime (0/5) Lair:4
    Orc (0/2) D:12          Sewer (visited)
 Vaults: D:13-14

Altars:
Ashenzari
Cheibriados
Dithmenos
Elyvilon
Fedhas
Gozag
Hepliaklqana
Kikubaaqudgha
Makhleb
Nemelex Xobeh
Okawaru
Qazlal
Ru
Sif Muna
Trog
Uskayaw
Vehumet
Wu Jian
Xom
Yredelemnul
Zin
The Shining One
Jiyva

Shops:
D:3 [

Annotations:
D:9 2 runed translucent doors, qw's ghost, novice GrFi
Lair:2 1 runed translucent door, qw's ghost, journeyman GrFi


Message History

You swing at nothing.
You hear a loud twanging sound.
An arrow appears from out of thin air!
The arrow completely misses you.
You hear a loud twanging sound.
An arrow appears from out of thin air!
The arrow hits you but does no damage.
You swing at nothing.
You hear some strange, mumbled words.
A shard of ice appears from out of thin air!
You block the shard of ice.
You swing at nothing.
You hear a loud twanging sound.
An arrow appears from out of thin air!
The arrow hits you but does no damage.
You swing at nothing.
You hear a loud twanging sound.
An arrow appears from out of thin air!
The arrow hits you but does no damage.
You swing at nothing.
You swing at nothing.
You swing at nothing.
You hear a loud twanging sound.
An arrow appears from out of thin air!
The arrow hits you but does no damage.
You swing at nothing.
You hear a loud twanging sound.
An arrow appears from out of thin air!
The arrow hits you but does no damage.
You swing at nothing.
You hear a loud twanging sound.
An arrow appears from out of thin air!
The arrow hits you but does no damage.
You swing at nothing.
You hear a loud twanging sound.
An arrow appears from out of thin air!
The arrow hits you but does no damage.
You swing at nothing.
You hear a loud twanging sound.
An arrow appears from out of thin air!
The arrow hits you!
You swing at nothing.
You miss something. Something hits you but does no damage.
You slash something! You burn something.
You hear some strange, mumbled words.
A shard of ice appears from out of thin air!
The shard of ice hits you!!
You die...

##..... ......#
.......+ .#$..+
#.....+ ....#
#.#..~~~# #.[.#
#.#.~~~~# #...#
#...~~~~#####)).#
#.~~~~....#...#
#.~~~~))..'{..#
##.~~~#...#@./#
##.~~#########
#...# ###.# #..#
#.## ####'######
#./.......#
#.#######.#


There were no monsters in sight!

Vanquished Creatures
  Gastronok (Lair:3)
  Snorg (Lair:5)
  5 hydras
  2 vault guards (D:14)
  Erolcha (D:9)
  Erica (D:8)
  6 boulder beetles
  A catoblepas (Lair:3)
  6 two-headed ogres
  2 centaur warriors
  4 death knights (D:13)
  8 death yaks
  Urug (D:13)
  Nergalle (Lair:3)
  A goliath frog (Lair:5)
  7 skeletal warriors (D:13)
  A lindwurm (Lair:5)
  2 deep elf pyromancers
  3 cyclopes
  A manticore (D:13)
  2 oklob plants
  An orc sorcerer (D:14)
  Maurice (D:9)
  10 elephants
  A torpor snail (Lair:5)
  4 black mambas
  2 gargoyles (D:12)
  27 cane toads
  Psyche (D:9)
  3 unseen horrors
  7 rime drakes
  A tengu conjurer (D:14)
  7 komodo dragons
  A queen bee (Lair:1)
  2 polar bears (Lair:3)
  4 trolls
  3 tyrant leeches (Lair:5)
  2 hornets
  22 blink frogs
  6 dream sheep
  3 shadows
  3 culicivoras (Lair:3)
  5 wyverns
  A wraith (D:11)
  Eustachio (D:4)
  5 basilisks
  78 yaks
  A steam dragon (D:7)
  22 vampire mosquitoes
  An acid dragon (D:12)
  16 water moccasins
  2 orc warriors
  A black bear (Lair:4)
  An ice beast (D:6)
  7 ogres
  4 wolves (Lair:2)
  4 phantoms
  A centaur (D:9)
  18 bullfrogs
  4 kobold brigands
  5 scorpions
  3 necrophages
  A gnoll sergeant (D:5)
  7 wights
  23 killer bees (Lair:1)
  3 electric eels
  2 howler monkeys (D:7)
  2 gnoll boudas
  3 orc priests
  4 hounds
  A jelly (D:7)
  4 iguanas
  8 orc wizards
  6 ogre zombies (D:12)
  22 gnolls
  10 adders
  A river rat (Sewer)
  4 ufetubi
  5 worms
  23 orcs
  A bat (D:2)
  8 endoplasms
  5 giant cockroaches
  7 goblins
  4 hobgoblins
  3 jackals (D:4)
  21 kobolds
  5 quokkas
  6 ball pythons
  2 frilled lizards
  2 goblin skeletons (D:12)
  2 hobgoblin skeletons (D:12)
  2 hobgoblin zombies (D:12)
  6 orc skeletons (D:12)
  7 orc zombies (D:12)
  5 rats
563 creatures vanquished.

Vanquished Creatures (others)
  A bush (Lair:5)
  40 fungi
  88 plants
129 creatures vanquished.

Grand Total: 692 creatures vanquished

Notes
Turn   | Place    | Note
-------+----------+-------------------------------------------
     0 | D:1      | qw the Gargoyle Fighter began the quest for the Orb.
     0 | D:1      | Reached XP level 1. HP: 14/14 MP: 1/1
     0 | D:1      | 0 ||| qw: Version: 0.2-a-12-gaebbb33
     0 | D:1      | 0 ||| qw: Game counter: 1259
     0 | D:1      | 0 ||| qw: Always use a shield: true
     0 | D:1      | 0 ||| qw: God list: Okawaru
     0 | D:1      | 0 ||| qw: Allow faded altars: false
     0 | D:1      | 0 ||| qw: Do Orc after D:15 true
     0 | D:1      | 0 ||| qw: Do second Lair branch before Depths: true
     0 | D:1      | 0 ||| qw: Lair rune preference: random
     0 | D:1      | 0 ||| qw: Plans: Normal, Zot:1-4, God:TSO, Crypt, Tomb,
                  | Pan, Slime:5, Hells, Abyss, Orb
     0 | D:1      | 0 ||| PLANNING D:1-11
    68 | D:1      | Reached skill level 2 in Axes
   144 | D:1      | Reached XP level 2. HP: 17/19 MP: 2/2
   168 | D:1      | 168 ||| DROPPING +0 club.
   273 | D:1      | You fall into a shaft and drop 1 floor!
   274 | D:2      | 274 ||| READING scroll labelled OBYXTU RIAF.
   275 | D:2      | 275 ||| READING scroll labelled YCLAN VUSEVEOWK.
   276 | D:2      | 276 ||| READING scroll labelled ASCHOA TAZAWNERA.
   527 | D:2      | 527 ||| Stepping ~*~*~tactically~*~*~ (stealth).
   532 | D:2      | 532 ||| Stepping ~*~*~tactically~*~*~ (stealth).
   776 | D:2      | Reached skill level 3 in Axes
   800 | D:2      | Reached XP level 3. HP: 23/23 MP: 3/3
   853 | D:2      | 853 ||| Stepping ~*~*~tactically~*~*~ (stealth).
   958 | D:2      | 958 ||| READING scroll of brand weapon.
   958 | D:2      | 958 ||| BRANDING +0 war axe of draining.
   969 | D:2      | 969 ||| Stepping ~*~*~tactically~*~*~ (hiding).
   977 | D:2      | Reached XP level 4. HP: 11/28 MP: 4/4
  1166 | D:2      | 1166 ||| DROPPING +0 whip.
  1343 | D:2      | Found a faded altar of an unknown god.
  1353 | D:2      | Reached skill level 1 in Throwing
  1584 | D:2      | 1584 ||| READING scroll labelled EPNOAN PUTAS.
  1585 | D:2      | 1585 ||| DRINKING 2 pink potions.
  1586 | D:2      | 1586 ||| DRINKING 2 fuming dark potions.
  1702 | D:3      | Found Uqepruw's Armour Boutique.
  1704 | D:3      | 1704 ||| FLEEEEING.
  1707 | D:3      | 1707 ||| FLEEEEING.
  1708 | D:3      | 1708 ||| FLEEEEING.
  1709 | D:3      | 1709 ||| FLEEEEING.
  1710 | D:3      | 1710 ||| FLEEEEING.
  1711 | D:3      | 1711 ||| FLEEEEING.
  1712 | D:3      | 1712 ||| FLEEEEING.
  1713 | D:3      | 1713 ||| FLEEEEING.
  1716 | D:3      | 1716 ||| STAIRDANCE
  1751 | D:3      | 1751 ||| Stepping ~*~*~tactically~*~*~ (hiding).
  1753 | D:3      | 1753 ||| Stepping ~*~*~tactically~*~*~ (hiding).
  1778 | D:3      | 1778 ||| Stepping ~*~*~tactically~*~*~ (stealth).
  1780 | D:3      | 1780 ||| Stepping ~*~*~tactically~*~*~ (hiding).
  1785 | D:3      | Reached skill level 4 in Axes
  1789 | D:3      | 1789 ||| FLEEEEING.
  1799 | D:3      | 1799 ||| DRINKING potion of curing.
  1799 | D:3      | 1799 ||| (to cure confusion)
  1815 | D:3      | HP: 7/28 [orc wizard/+1 dagger of protection (1)]
  1816 | D:3      | 1816 ||| DRINKING 2 potions of heal wounds.
  1897 | D:3      | 1897 ||| FLEEEEING.
  1898 | D:3      | 1898 ||| FLEEEEING.
  1899 | D:3      | 1899 ||| FLEEEEING.
  1900 | D:3      | 1900 ||| STAIRDANCE
  2033 | D:3      | 2033 ||| BUYING +0 pair of boots (58 gold).
  2033 | D:3      | Bought a +0 pair of boots for 58 gold pieces
  2033 | D:3      | 2033 ||| SHOPLISTING +0 pair of gloves (58 gold, have 1).
  2033 | D:3      | 2033 ||| SHOPLISTING +2 scale mail of fire resistance (273
                  | gold, have 1).
  2046 | D:3      | Reached XP level 5. HP: 32/32 MP: 5/5
  2097 | D:3      | 2097 ||| Stepping ~*~*~tactically~*~*~ (stealth).
  2230 | D:3      | 2230 ||| Stepping ~*~*~tactically~*~*~ (stealth).
  2255 | D:3      | 2255 ||| READING scroll of brand weapon.
  2255 | D:3      | 2255 ||| BRANDING +0 vorpal war axe.
  2309 | D:3      | Found a white marble altar of Elyvilon.
  2312 | D:3      | Found a hazy altar of Hepliaklqana.
  2449 | D:3      | 2449 ||| UPGRADING to +0 plate armour.
  2459 | D:3      | 2459 ||| DROPPING +0 scale mail.
  2460 | D:3      | 2460 ||| UPGRADING to +0 pair of boots.
  2465 | D:3      | 2465 ||| READING scroll labelled MEOREOLILU.
  2466 | D:3      | 2466 ||| READING scroll labelled PIUDOU YQOSTA.
  2467 | D:3      | 2467 ||| READING scroll labelled YDGHU VAERO.
  2485 | D:4      | 2485 ||| Stepping ~*~*~tactically~*~*~ (stealth).
  2501 | D:4      | Identified the +5 ring mail of Modesty {Harm rN+ Dex-3}
  2516 | D:4      | 2516 ||| Stepping ~*~*~tactically~*~*~ (stealth).
  2518 | D:4      | 2518 ||| Stepping ~*~*~tactically~*~*~ (stealth).
  2521 | D:4      | 2521 ||| Stepping ~*~*~tactically~*~*~ (stealth).
  2522 | D:4      | Noticed Eustachio
  2541 | D:4      | Killed Eustachio
  2542 | D:4      | Reached skill level 5 in Axes
  2542 | D:4      | Reached XP level 6. HP: 22/37 MP: 6/6
  2604 | D:4      | 2604 ||| FLEEEEING.
  2605 | D:4      | 2605 ||| FLEEEEING.
  2606 | D:4      | 2606 ||| FLEEEEING.
  2607 | D:4      | 2607 ||| FLEEEEING.
  2608 | D:4      | 2608 ||| FLEEEEING.
  2609 | D:4      | 2609 ||| FLEEEEING.
  2937 | D:4      | Reached skill level 6 in Axes
  2937 | D:4      | Reached XP level 7. HP: 43/43 MP: 7/7
  3118 | D:4      | 3118 ||| READING 3 scrolls of identify.
  3118 | D:4      | 3118 ||| IDENTIFYING smoky sapphire potion
  3119 | D:4      | 3119 ||| READING 2 scrolls of identify.
  3119 | D:4      | 3119 ||| IDENTIFYING fuming black potion
  3120 | D:4      | 3120 ||| DROPPING potion of flight.
  3136 | D:5      | Entered Level 5 of the Dungeon
  3137 | D:5      | 3137 ||| PLANNING SEWER
  3250 | D:5      | 3250 ||| Stepping ~*~*~tactically~*~*~ (stealth).
  3261 | D:5      | 3261 ||| FLEEEEING.
  3262 | D:5      | 3262 ||| FLEEEEING.
  3263 | D:5      | 3263 ||| FLEEEEING.
  3264 | D:5      | 3264 ||| FLEEEEING.
  3265 | D:5      | 3265 ||| FLEEEEING.
  3266 | D:5      | 3266 ||| STAIRDANCE
  3362 | D:4      | 3362 ||| READING 2 scrolls of identify.
  3362 | D:4      | 3362 ||| IDENTIFYING lumpy pink potion
  3366 | D:5      | 3366 ||| STAIRDANCE
  3427 | D:5      | Reached skill level 7 in Axes
  3460 | D:5      | Found a glowing drain.
  3473 | Sewer    | Entered a sewer
  3549 | Sewer    | 3549 ||| Stepping ~*~*~tactically~*~*~ (water).
  3640 | Sewer    | HP: 8/44 [kobold brigand/+0 club (6)]
  3641 | Sewer    | 3641 ||| READING 2 scrolls of teleportation.
  3642 | Sewer    | 3642 ||| DRINKING 5 potions of heal wounds.
  3805 | Sewer    | 3805 ||| Stepping ~*~*~tactically~*~*~ (water).
  3818 | Sewer    | Reached skill level 1 in Dodging
  3818 | Sewer    | Reached XP level 8. HP: 36/49 MP: 8/8
  3931 | Sewer    | 3931 ||| Stepping ~*~*~tactically~*~*~ (water).
  4014 | Sewer    | 4014 ||| READING scroll labelled YRUNUPHEPP.
  4015 | Sewer    | 4015 ||| READING 2 scrolls labelled VITIOCH NOMAEX.
  4016 | Sewer    | 4016 ||| READING scroll of enchant armour.
  4016 | Sewer    | 4016 ||| ENCHANTING +0 pair of boots.
  4017 | Sewer    | 4017 ||| READING scroll labelled HAZUQA ZEREYHI.
  4022 | D:5      | 4022 ||| PLANNING D:1-11
  4102 | D:5      | 4102 ||| Stepping ~*~*~tactically~*~*~ (hiding).
  4103 | D:5      | 4103 ||| Stepping ~*~*~tactically~*~*~ (hiding).
  4104 | D:5      | 4104 ||| Stepping ~*~*~tactically~*~*~ (hiding).
  4112 | D:5      | 4112 ||| Stepping ~*~*~tactically~*~*~ (hiding).
  4289 | D:5      | Reached skill level 8 in Axes
  4642 | D:5      | 4642 ||| UPGRADING to +2 buckler.
  4652 | D:5      | 4652 ||| DROPPING +0 buckler.
  4653 | D:5      | 4653 ||| DROPPING orb of wrath.
  4654 | D:5      | 4654 ||| DROPPING +1 pair of boots.
  4655 | D:5      | 4655 ||| DROPPING amulet of faith.
  4656 | D:5      | 4656 ||| UPGRADING to +6 ring of strength.
  4657 | D:5      | 4657 ||| READING scroll labelled BUEKUOWAIH.
  4658 | D:5      | 4658 ||| READING scroll labelled OLACOZ BYOME.
  4759 | D:5      | 4759 ||| DRINKING 2 black potions.
  4760 | D:5      | 4760 ||| READING 2 scrolls of identify.
  4760 | D:5      | 4760 ||| IDENTIFYING grey potion
  4761 | D:5      | 4761 ||| DROPPING potion of degeneration.
  4762 | D:5      | 4762 ||| DROPPING potion of brilliance.
  4847 | D:6      | Found a staircase to the Ecumenical Temple.
  4848 | D:6      | 4848 ||| PLANNING TEMPLE
  4849 | D:6      | 4849 ||| FLEEEEING.
  4850 | D:6      | 4850 ||| FLEEEEING.
  4855 | D:6      | 4855 ||| FLEEEEING.
  4910 | D:6      | 4910 ||| FLEEEEING.
  4934 | Temple   | Entered the Ecumenical Temple
  4983 | Temple   | 4983 ||| PLANNING OKAWARU WORSHIP
  5041 | Temple   | Became a worshipper of Warmaster Okawaru
  5042 | Temple   | 5042 ||| PLANNING D:1-11
  5367 | D:6      | Reached skill level 6 in Fighting
  5498 | D:6      | 5498 ||| Stepping ~*~*~tactically~*~*~ (stealth).
  5645 | D:6      | 5645 ||| Stepping ~*~*~tactically~*~*~ (stealth).
  5715 | D:6      | Reached XP level 9. HP: 55/55 MP: 9/9
  5767 | D:6      | 5767 ||| Stepping ~*~*~tactically~*~*~ (stealth).
  5772 | D:6      | 5772 ||| DRINKING potion of curing.
  5772 | D:6      | 5772 ||| (to cure confusion)
  5808 | D:6      | 5808 ||| UPGRADING to +0 cloak.
  5813 | D:6      | 5813 ||| READING scroll labelled OCOAT HOCE.
  5814 | D:6      | 5814 ||| READING 2 scrolls of identify.
  5814 | D:6      | 5814 ||| IDENTIFYING bubbling yellow potion
  5815 | D:6      | 5815 ||| DROPPING potion of invisibility.
  5938 | D:7      | Reached * piety under Okawaru
  5962 | D:7      | 5962 ||| READING scroll of enchant armour.
  5962 | D:7      | 5962 ||| ENCHANTING +1 pair of boots.
  5982 | D:7      | Reached skill level 1 in Invocations
  6034 | D:7      | 6034 ||| Stepping ~*~*~tactically~*~*~ (stealth).
  6035 | D:7      | 6035 ||| INVOKING Heroism.
  6039 | D:7      | 6039 ||| Stepping ~*~*~tactically~*~*~ (cloud).
  6094 | D:7      | Reached skill level 9 in Axes
  6134 | D:7      | 6134 ||| Stepping ~*~*~tactically~*~*~ (stealth).
  6255 | D:7      | 6255 ||| Stepping ~*~*~tactically~*~*~ (hiding).
  6256 | D:7      | 6256 ||| Stepping ~*~*~tactically~*~*~ (hiding).
  6263 | D:7      | 6263 ||| INVOKING Heroism.
  6273 | D:7      | Reached skill level 3 in Invocations
  6443 | D:7      | 6443 ||| INVOKING Heroism.
  6472 | D:7      | Identified the +4 rapier "Woet" {pain, rElec rPois rF-
                  | Int+4}
  6503 | D:7      | Found a radiant altar of Vehumet.
  6576 | D:7      | 6576 ||| UPGRADING to +0 helmet.
  6581 | D:7      | 6581 ||| READING scroll labelled WERIWN RIURYUWK.
  6582 | D:7      | 6582 ||| READING scroll labelled ILOKKA QOSCHOL.
  6642 | D:7      | 6642 ||| DRINKING 2 green potions.
  6643 | D:7      | 6643 ||| READING 2 scrolls of identify.
  6643 | D:7      | 6643 ||| IDENTIFYING amethyst potion
  6693 | D:8      | 6693 ||| INVOKING Heroism.
  6784 | D:8      | Noticed a two-headed ogre
  6785 | D:8      | 6785 ||| INVOKING Heroism.
  6787 | D:8      | 6787 ||| Stepping ~*~*~tactically~*~*~ (stealth).
  6793 | D:8      | Killed a two-headed ogre
  6793 | D:8      | Reached ** piety under Okawaru
  6794 | D:8      | Reached skill level 6 in Armour
  6887 | D:8      | 6887 ||| Stepping ~*~*~tactically~*~*~ (stealth).
  6889 | D:8      | 6889 ||| INVOKING Heroism.
  6900 | D:8      | Reached XP level 10. HP: 31/63 MP: 11/13
  6902 | D:8      | HP: 10/63 [something (6)]
  6903 | D:8      | 6903 ||| READING 2 scrolls of teleportation.
  6904 | D:8      | 6904 ||| DRINKING 4 potions of heal wounds.
  7206 | D:8      | Noticed Erica
  7219 | D:8      | 7219 ||| INVOKING Heroism.
  7221 | D:8      | Killed Erica
  7221 | D:8      | Reached *** piety under Okawaru
  7222 | D:8      | Reached skill level 10 in Axes
  7529 | D:8      | 7529 ||| UPGRADING to +4 ring of protection.
  7530 | D:8      | 7530 ||| DROPPING ring of wizardry.
  7531 | D:8      | 7531 ||| READING scroll labelled BEIKKUHIBRA.
  7531 | D:8      | Identified a scroll of acquirement
  7531 | D:8      | 7531 ||| ACQUIRING 1020 gold pieces
  7531 | D:8      | Acquired 1020 gold pieces
  7554 | D:9      | Noticed Psyche
  7555 | D:9      | 7555 ||| INVOKING Heroism.
  7557 | D:9      | Noticed Erolcha
  7558 | D:9      | 7558 ||| STAIRDANCE
  7566 | D:9      | Killed Psyche
  7569 | D:9      | Killed Erolcha
  7595 | D:9      | 7595 ||| INVOKING Heroism.
  7722 | D:9      | 7722 ||| Stepping ~*~*~tactically~*~*~ (hiding).
  7769 | D:9      | 7769 ||| Stepping ~*~*~tactically~*~*~ (hiding).
  7857 | D:9      | Reached **** piety under Okawaru
  7945 | D:9      | Noticed qw's ghost (novice GrFi)
  7954 | D:9      | Found a runed translucent door.
  7970 | D:9      | 7970 ||| INVOKING Heroism.
  7976 | D:9      | Reached XP level 11. HP: 67/68 MP: 11/15
  8116 | D:9      | 8116 ||| INVOKING Heroism.
  8126 | D:9      | 8126 ||| DRINKING 3 potions of curing.
  8126 | D:9      | 8126 ||| (to cure confusion)
  8128 | D:9      | Reached skill level 3 in Throwing
  8136 | D:9      | 8136 ||| DROPPING +0 flail.
  8279 | D:9      | 8279 ||| INVOKING Heroism.
  8280 | D:9      | 8280 ||| Stepping ~*~*~tactically~*~*~ (stealth).
  8287 | D:9      | 8287 ||| Stepping ~*~*~tactically~*~*~ (hiding).
  8288 | D:9      | 8288 ||| Stepping ~*~*~tactically~*~*~ (hiding).
  8407 | D:9      | Found a runed translucent door.
  8408 | D:9      | Found a burning altar of Makhleb.
  8408 | D:9      | Noticed a sixfirhy
  8489 | D:9      | Noticed Maurice
  8490 | D:9      | 8490 ||| DRINKING 2 potions of curing.
  8490 | D:9      | 8490 ||| (to cure confusion)
  8492 | D:9      | 8492 ||| DRINKING potion of curing.
  8492 | D:9      | 8492 ||| (to cure confusion)
  8520 | D:9      | Killed Maurice
  8521 | D:9      | Reached skill level 11 in Axes
  8736 | D:9      | 8736 ||| DRINKING 2 fuming silvery potions.
  8837 | D:9      | 8837 ||| DROPPING potion of ambrosia.
  8853 | D:10     | Entered Level 10 of the Dungeon
  8861 | D:10     | Noticed a two-headed ogre
  8862 | D:10     | 8862 ||| INVOKING Heroism.
  8869 | D:10     | Killed a two-headed ogre
  8870 | D:10     | Reached skill level 6 in Invocations
  9099 | D:10     | 9099 ||| Stepping ~*~*~tactically~*~*~ (stealth).
  9108 | D:10     | 9108 ||| Stepping ~*~*~tactically~*~*~ (stealth).
  9418 | D:10     | 9418 ||| INVOKING Heroism.
  9502 | D:10     | 9502 ||| Stepping ~*~*~tactically~*~*~ (stealth).
  9507 | D:10     | 9507 ||| Stepping ~*~*~tactically~*~*~ (stealth).
  9511 | D:10     | 9511 ||| Stepping ~*~*~tactically~*~*~ (stealth).
  9512 | D:10     | 9512 ||| Stepping ~*~*~tactically~*~*~ (stealth).
  9513 | D:10     | 9513 ||| Stepping ~*~*~tactically~*~*~ (stealth).
  9515 | D:10     | 9515 ||| Stepping ~*~*~tactically~*~*~ (stealth).
  9516 | D:10     | 9516 ||| Stepping ~*~*~tactically~*~*~ (stealth).
  9517 | D:10     | 9517 ||| Stepping ~*~*~tactically~*~*~ (stealth).
  9519 | D:10     | 9519 ||| INVOKING Heroism.
  9756 | D:10     | Noticed a two-headed ogre
  9757 | D:10     | 9757 ||| INVOKING Heroism.
  9763 | D:10     | Killed a two-headed ogre
  9763 | D:10     | Reached ***** piety under Okawaru
  9764 | D:10     | Reached skill level 9 in Fighting
  9772 | D:10     | Found a blossoming altar of Fedhas.
  9774 | D:10     | Found a shimmering blue altar of Sif Muna.
 10163 | D:10     | 10163 ||| Stepping ~*~*~tactically~*~*~ (stealth).
 10164 | D:10     | 10164 ||| Stepping ~*~*~tactically~*~*~ (stealth).
 10166 | D:10     | 10166 ||| INVOKING Heroism.
 10444 | D:10     | 10444 ||| UPGRADING to +0 pair of gloves.
 10449 | D:10     | 10449 ||| READING 3 scrolls of identify.
 10449 | D:10     | 10449 ||| IDENTIFYING dark potion
 10450 | D:10     | 10450 ||| READING 2 scrolls of identify.
 10450 | D:10     | 10450 ||| IDENTIFYING cyan potion
 10451 | D:10     | 10451 ||| DROPPING potion of berserk rage.
 10686 | D:11     | 10686 ||| INVOKING Heroism.
 10744 | D:11     | 10744 ||| SWAPPING to +0 war axe of freezing.
 10745 | D:11     | 10745 ||| DROPPING +1 war axe of chaos.
 10807 | D:11     | Noticed a death yak
 10808 | D:11     | 10808 ||| INVOKING Heroism.
 10810 | D:11     | Noticed a death yak
 10810 | D:11     | Noticed a death yak
 10811 | D:11     | 10811 ||| Stepping ~*~*~tactically~*~*~ (stealth).
 10812 | D:11     | 10812 ||| INVOKING Finesse.
 10815 | D:11     | 10815 ||| Stepping ~*~*~tactically~*~*~ (stealth).
 10824 | D:11     | Killed a death yak
 10824 | D:11     | Noticed a death yak
 10825 | D:11     | Reached skill level 9 in Armour
 10825 | D:11     | Reached skill level 9 in Invocations
 10825 | D:11     | Reached XP level 12. HP: 68/76 MP: 11/18
 10830 | D:11     | Noticed a death yak
 10838 | D:11     | Killed a death yak
 10839 | D:11     | Noticed a two-headed ogre
 10842 | D:11     | Noticed a two-headed ogre
 10850 | D:11     | Killed a death yak
 10857 | D:11     | Killed a death yak
 10862 | D:11     | Killed a two-headed ogre
 10862 | D:11     | Received a gift from Okawaru
 10873 | D:11     | Killed a death yak
 10873 | D:11     | Reached ****** piety under Okawaru
 10901 | D:11     | 10901 ||| SWAPPING to +0 broad axe of venom.
 10902 | D:11     | 10902 ||| DROPPING +0 war axe of freezing.
 10905 | D:11     | Found a staircase to the Lair.
 10911 | D:11     | Killed a two-headed ogre
 11235 | D:11     | Reached skill level 12 in Axes
 11442 | D:11     | 11442 ||| PLANNING LAIR
 11442 | D:11     | 11442 ||| DROPPING ring of flight.
 11462 | Lair:1   | Entered Level 1 of the Lair of Beasts
 11497 | Lair:1   | 11497 ||| INVOKING Heroism.
 11511 | Lair:1   | Reached skill level 6 in Shields
 12076 | Lair:1   | 12076 ||| INVOKING Heroism.
 12262 | Lair:1   | 12262 ||| Stepping ~*~*~tactically~*~*~ (hiding).
 12263 | Lair:1   | 12263 ||| Stepping ~*~*~tactically~*~*~ (hiding).
 12273 | Lair:1   | Received a gift from Okawaru
 12788 | Lair:1   | 12788 ||| INVOKING Heroism.
 12812 | Lair:1   | Received a gift from Okawaru
 12813 | Lair:1   | 12813 ||| Stepping ~*~*~tactically~*~*~ (stealth).
 12841 | Lair:1   | 12841 ||| Stepping ~*~*~tactically~*~*~ (stealth).
 12844 | Lair:1   | 12844 ||| Stepping ~*~*~tactically~*~*~ (stealth).
 12845 | Lair:1   | 12845 ||| Stepping ~*~*~tactically~*~*~ (stealth).
 12847 | Lair:1   | 12847 ||| INVOKING Heroism.
 13214 | Lair:1   | 13214 ||| READING 2 scrolls of identify.
 13214 | Lair:1   | 13214 ||| IDENTIFYING sedimented dark potion
 13263 | Lair:2   | Found a runed translucent door.
 13264 | Lair:2   | Noticed qw's ghost (journeyman GrFi)
 13298 | Lair:2   | Identified the ring of Zolafugh {rF+ Dex+6 Stlth+}
 13317 | Lair:2   | 13317 ||| INVOKING Heroism.
 13318 | Lair:2   | 13318 ||| INVOKING Finesse.
 13339 | Lair:2   | Reached skill level 13 in Axes
 13572 | Lair:2   | 13572 ||| Stepping ~*~*~tactically~*~*~ (stealth).
 13588 | Lair:2   | Reached XP level 13. HP: 77/82 MP: 20/20
 13670 | Lair:2   | Found a staircase to the Swamp.
 13760 | Lair:2   | 13760 ||| INVOKING Heroism.
 13770 | Lair:2   | 13770 ||| Stepping ~*~*~tactically~*~*~ (stealth).
 13783 | Lair:2   | 13783 ||| INVOKING Heroism.
 13842 | Lair:2   | 13842 ||| INVOKING Heroism.
 13844 | Lair:2   | 13844 ||| INVOKING Finesse.
 13853 | Lair:2   | 13853 ||| SWAPPING to +2 vorpal flail.
 13873 | Lair:2   | 13873 ||| SWAPPING to +0 broad axe of venom.
 13916 | Lair:2   | 13916 ||| INVOKING Heroism.
 14095 | Lair:2   | 14095 ||| INVOKING Heroism.
 14096 | Lair:2   | 14096 ||| SWAPPING to +2 vorpal flail.
 14097 | Lair:2   | 14097 ||| INVOKING Finesse.
 14106 | Lair:2   | Reached skill level 14 in Axes
 14106 | Lair:2   | 14106 ||| SWAPPING to +0 broad axe of venom.
 14180 | Lair:2   | 14180 ||| INVOKING Heroism.
 14383 | Lair:2   | 14383 ||| INVOKING Heroism.
 14389 | Lair:2   | Identified the +5 ring mail of Mental Paralysis {rN+ Dex+6}
                  | (Okawaru gifted it to you on level 2 of the Lair of Beasts)
 14389 | Lair:2   | Received a gift from Okawaru
 14697 | Lair:2   | 14697 ||| INVOKING Heroism.
 14717 | Lair:2   | 14717 ||| Stepping ~*~*~tactically~*~*~ (hiding).
 15148 | Lair:2   | 15148 ||| UPGRADING to ring of Zolafugh {rF+ Dex+6 Stlth+}.
 15171 | Lair:3   | 15171 ||| INVOKING Heroism.
 15175 | Lair:3   | 15175 ||| STAIRDANCE
 15224 | Lair:3   | 15224 ||| STAIRDANCE
 15321 | Lair:3   | Reached skill level 3 in Dodging
 15347 | Lair:3   | 15347 ||| INVOKING Heroism.
 15401 | Lair:3   | 15401 ||| Stepping ~*~*~tactically~*~*~ (stealth).
 15403 | Lair:3   | 15403 ||| Stepping ~*~*~tactically~*~*~ (stealth).
 15404 | Lair:3   | 15404 ||| INVOKING Heroism.
 15436 | Lair:3   | 15436 ||| INVOKING Finesse.
 15545 | Lair:3   | 15545 ||| Stepping ~*~*~tactically~*~*~ (stealth).
 15578 | Lair:3   | 15578 ||| INVOKING Heroism.
 15844 | Lair:3   | Noticed Gastronok
 15845 | Lair:3   | 15845 ||| INVOKING Heroism.
 15861 | Lair:3   | Killed Gastronok
 16054 | Lair:3   | 16054 ||| INVOKING Heroism.
 16087 | Lair:3   | 16087 ||| INVOKING Finesse.
 16145 | Lair:3   | 16145 ||| INVOKING Heroism.
 16146 | Lair:3   | 16146 ||| INVOKING Finesse.
 16158 | Lair:3   | Gained mutation: Your large and strong wings let you fly.
                  | [Gargoyle growth]
 16158 | Lair:3   | Reached XP level 14. HP: 47/90 MP: 14/21
 16339 | Lair:3   | 16339 ||| Stepping ~*~*~tactically~*~*~ (stealth).
 16342 | Lair:3   | Noticed Nergalle
 16352 | Lair:3   | 16352 ||| INVOKING Heroism.
 16359 | Lair:3   | Killed Nergalle
 16606 | Lair:3   | 16606 ||| Stepping ~*~*~tactically~*~*~ (hiding).
 16616 | Lair:3   | Found a hole to the Spider Nest.
 16634 | Lair:3   | 16634 ||| Stepping ~*~*~tactically~*~*~ (hiding).
 16987 | Lair:4   | 16987 ||| STAIRDANCE
 17019 | Lair:4   | 17019 ||| STAIRDANCE
 17021 | Lair:3   | 17021 ||| INVOKING Heroism.
 17022 | Lair:3   | 17022 ||| SWAPPING to +2 vorpal flail.
 17023 | Lair:3   | 17023 ||| INVOKING Finesse.
 17030 | Lair:3   | 17030 ||| SWAPPING to +0 broad axe of venom.
 17118 | Lair:4   | 17118 ||| STAIRDANCE
 17134 | Lair:4   | 17134 ||| INVOKING Heroism.
 17142 | Lair:4   | Reached skill level 15 in Axes
 17149 | Lair:4   | 17149 ||| INVOKING Finesse.
 17150 | Lair:4   | 17150 ||| Stepping ~*~*~tactically~*~*~ (stealth).
 17225 | Lair:4   | 17225 ||| Stepping ~*~*~tactically~*~*~ (stealth).
 17229 | Lair:4   | 17229 ||| Stepping ~*~*~tactically~*~*~ (stealth).
 17238 | Lair:4   | 17238 ||| INVOKING Heroism.
 17297 | Lair:4   | 17297 ||| INVOKING Heroism.
 17337 | Lair:4   | 17337 ||| Stepping ~*~*~tactically~*~*~ (stealth).
 17340 | Lair:4   | 17340 ||| Stepping ~*~*~tactically~*~*~ (stealth).
 17341 | Lair:4   | 17341 ||| Stepping ~*~*~tactically~*~*~ (stealth).
 17349 | Lair:4   | 17349 ||| Stepping ~*~*~tactically~*~*~ (stealth).
 17350 | Lair:4   | 17350 ||| Stepping ~*~*~tactically~*~*~ (stealth).
 17359 | Lair:4   | 17359 ||| INVOKING Heroism.
 17371 | Lair:4   | Reached skill level 12 in Fighting
 17376 | Lair:4   | Identified the +5 short sword "Buenneph" {antimagic, Str+2
                  | Int+4} (Okawaru gifted it to you on level 4 of the Lair of
                  | Beasts)
 17376 | Lair:4   | Received a gift from Okawaru
 17435 | Lair:4   | 17435 ||| Stepping ~*~*~tactically~*~*~ (stealth).
 17436 | Lair:4   | 17436 ||| Stepping ~*~*~tactically~*~*~ (stealth).
 17441 | Lair:4   | 17441 ||| INVOKING Heroism.
 17808 | Lair:4   | Found a viscous altar of Jiyva.
 17808 | Lair:4   | Found a staircase to the Slime Pits.
 17825 | Lair:4   | 17825 ||| Stepping ~*~*~tactically~*~*~ (stealth).
 17826 | Lair:4   | 17826 ||| Stepping ~*~*~tactically~*~*~ (stealth).
 17828 | Lair:4   | 17828 ||| Stepping ~*~*~tactically~*~*~ (stealth).
 17829 | Lair:4   | 17829 ||| Stepping ~*~*~tactically~*~*~ (stealth).
 17830 | Lair:4   | 17830 ||| INVOKING Heroism.
 17831 | Lair:4   | 17831 ||| Stepping ~*~*~tactically~*~*~ (stealth).
 18100 | Lair:4   | 18100 ||| Stepping ~*~*~tactically~*~*~ (stealth).
 18102 | Lair:4   | 18102 ||| Stepping ~*~*~tactically~*~*~ (stealth).
 18104 | Lair:4   | 18104 ||| Stepping ~*~*~tactically~*~*~ (stealth).
 18111 | Lair:4   | 18111 ||| INVOKING Heroism.
 18125 | Lair:4   | Reached skill level 12 in Armour
 18528 | Lair:3   | 18528 ||| INVOKING Heroism.
 18529 | Lair:3   | 18529 ||| INVOKING Finesse.
 18640 | Lair:5   | Entered Level 5 of the Lair of Beasts
 18641 | Lair:5   | 18641 ||| INVOKING Heroism.
 18642 | Lair:5   | 18642 ||| INVOKING Finesse.
 18649 | Lair:5   | 18649 ||| STAIRDANCE
 18817 | Lair:5   | 18817 ||| INVOKING Heroism.
 18821 | Lair:5   | 18821 ||| INVOKING Finesse.
 18827 | Lair:5   | 18827 ||| SWAPPING to +2 vorpal flail.
 18828 | Lair:5   | 18828 ||| Stepping ~*~*~tactically~*~*~ (outnumbered).
 18829 | Lair:5   | 18829 ||| Stepping ~*~*~tactically~*~*~ (outnumbered).
 18830 | Lair:5   | 18830 ||| Stepping ~*~*~tactically~*~*~ (outnumbered).
 18831 | Lair:5   | 18831 ||| Stepping ~*~*~tactically~*~*~ (outnumbered).
 18832 | Lair:5   | 18832 ||| SWAPPING to +0 broad axe of venom.
 18835 | Lair:5   | 18835 ||| SWAPPING to +2 vorpal flail.
 18836 | Lair:5   | 18836 ||| Stepping ~*~*~tactically~*~*~ (outnumbered).
 18837 | Lair:5   | 18837 ||| Stepping ~*~*~tactically~*~*~ (outnumbered).
 18840 | Lair:5   | 18840 ||| INVOKING Finesse.
 18843 | Lair:5   | 18843 ||| Stepping ~*~*~tactically~*~*~ (outnumbered).
 18845 | Lair:5   | 18845 ||| Stepping ~*~*~tactically~*~*~ (outnumbered).
 18847 | Lair:5   | 18847 ||| Stepping ~*~*~tactically~*~*~ (outnumbered).
 18849 | Lair:5   | 18849 ||| Stepping ~*~*~tactically~*~*~ (outnumbered).
 18850 | Lair:5   | 18850 ||| Stepping ~*~*~tactically~*~*~ (outnumbered).
 18851 | Lair:5   | 18851 ||| Stepping ~*~*~tactically~*~*~ (outnumbered).
 18852 | Lair:5   | 18852 ||| Stepping ~*~*~tactically~*~*~ (outnumbered).
 18853 | Lair:5   | 18853 ||| Stepping ~*~*~tactically~*~*~ (outnumbered).
 18856 | Lair:5   | 18856 ||| Stepping ~*~*~tactically~*~*~ (outnumbered).
 18857 | Lair:5   | 18857 ||| Stepping ~*~*~tactically~*~*~ (outnumbered).
 18860 | Lair:5   | 18860 ||| Stepping ~*~*~tactically~*~*~ (outnumbered).
 18861 | Lair:5   | 18861 ||| Stepping ~*~*~tactically~*~*~ (outnumbered).
 18862 | Lair:5   | 18862 ||| Stepping ~*~*~tactically~*~*~ (outnumbered).
 18864 | Lair:5   | HP: 22/92 [eight-headed hydra (5)]
 18865 | Lair:5   | 18865 ||| READING 4 scrolls of teleportation.
 18866 | Lair:5   | 18866 ||| DRINKING 4 potions of heal wounds.
 18867 | Lair:5   | 18867 ||| DRINKING 3 potions of heal wounds.
 18868 | Lair:5   | 18868 ||| INVOKING Heroism.
 18869 | Lair:5   | 18869 ||| SWAPPING to +0 broad axe of venom.
 18880 | Lair:5   | HP: 16/92 [tyrant leech (15)]
 18881 | Lair:5   | 18881 ||| READING 3 scrolls of teleportation.
 18882 | Lair:5   | 18882 ||| DRINKING 2 potions of heal wounds.
 18913 | Lair:5   | HP: 23/92 [electric eel/bolt of electricity (3)]
 18914 | Lair:5   | 18914 ||| READING 2 scrolls of teleportation.
 18915 | Lair:5   | 18915 ||| DRINKING potion of heal wounds.
 18923 | Lair:5   | 18923 ||| INVOKING Heroism.
 18945 | Lair:5   | HP: 14/92 [blink frog (12)]
 18946 | Lair:5   | 18946 ||| READING scroll of teleportation.
 18984 | Lair:5   | 18984 ||| Stepping ~*~*~tactically~*~*~ (stealth).
 18985 | Lair:5   | 18985 ||| INVOKING Heroism.
 18985 | Lair:5   | Noticed Snorg
 18986 | Lair:5   | 18986 ||| INVOKING Finesse.
 18989 | Lair:5   | HP: 11/92 [komodo dragon (14)]
 18996 | Lair:5   | Killed Snorg
 19060 | Lair:5   | 19060 ||| Stepping ~*~*~tactically~*~*~ (stealth).
 19061 | Lair:5   | 19061 ||| Stepping ~*~*~tactically~*~*~ (stealth).
 19093 | Lair:5   | 19093 ||| INVOKING Heroism.
 19118 | Lair:5   | 19118 ||| INVOKING Heroism.
 19135 | Lair:5   | 19135 ||| FLEEEEING.
 19136 | Lair:5   | 19136 ||| FLEEEEING.
 19137 | Lair:5   | 19137 ||| FLEEEEING.
 19138 | Lair:5   | 19138 ||| FLEEEEING.
 19140 | Lair:5   | 19140 ||| STAIRDANCE
 19377 | Lair:5   | Identified the +1 scale mail of Muttered Phrases {Regen+}
 19532 | Lair:5   | 19532 ||| Stepping ~*~*~tactically~*~*~ (stealth).
 19541 | Lair:5   | Reached skill level 16 in Axes
 19660 | Lair:5   | 19660 ||| Stepping ~*~*~tactically~*~*~ (stealth).
 19662 | Lair:5   | 19662 ||| Stepping ~*~*~tactically~*~*~ (stealth).
 19665 | Lair:5   | 19665 ||| Stepping ~*~*~tactically~*~*~ (stealth).
 19668 | Lair:5   | Received a gift from Okawaru
 19687 | Lair:5   | 19687 ||| INVOKING Heroism.
 19688 | Lair:5   | 19688 ||| Stepping ~*~*~tactically~*~*~ (stealth).
 19819 | Lair:5   | Reached XP level 15. HP: 96/96 MP: 22/22
 19947 | Lair:5   | Received a gift from Okawaru
 20026 | Lair:5   | 20026 ||| Stepping ~*~*~tactically~*~*~ (stealth).
 20031 | Lair:5   | 20031 ||| Stepping ~*~*~tactically~*~*~ (stealth).
 20331 | Lair:5   | 20331 ||| INVOKING Heroism.
 20332 | Lair:5   | 20332 ||| INVOKING Finesse.
 20333 | Lair:5   | 20333 ||| SWAPPING to +2 vorpal flail.
 20343 | Lair:5   | 20343 ||| SWAPPING to +0 broad axe of venom.
 20387 | Lair:5   | Identified the +0 ring mail of the Disbelieving Gods
                  | {Rampage Fly rF- rN++}
 20522 | Lair:5   | 20522 ||| INVOKING Heroism.
 20523 | Lair:5   | 20523 ||| INVOKING Finesse.
 20526 | Lair:5   | 20526 ||| SWAPPING to +2 vorpal flail.
 20536 | Lair:5   | 20536 ||| SWAPPING to +0 broad axe of venom.
 20763 | Lair:5   | 20763 ||| PLANNING D
 20945 | D:12     | 20945 ||| INVOKING Heroism.
 20948 | D:12     | 20948 ||| Stepping ~*~*~tactically~*~*~ (stealth).
 20956 | D:12     | 20956 ||| Stepping ~*~*~tactically~*~*~ (stealth).
 20961 | D:12     | 20961 ||| Stepping ~*~*~tactically~*~*~ (stealth).
 21084 | D:12     | 21084 ||| Stepping ~*~*~tactically~*~*~ (stealth).
 21085 | D:12     | 21085 ||| FLEEEEING.
 21090 | D:12     | 21090 ||| FLEEEEING.
 21171 | D:12     | Found a shimmering blue altar of Sif Muna.
 21243 | D:12     | 21243 ||| INVOKING Heroism.
 21264 | D:12     | Received a gift from Okawaru
 21279 | D:12     | 21279 ||| SWAPPING to +2 broad axe of flaming.
 21280 | D:12     | 21280 ||| DROPPING +2 vorpal flail.
 21281 | D:12     | 21281 ||| DROPPING +0 broad axe of venom.
 21397 | D:12     | 21397 ||| FLEEEEING.
 21399 | D:12     | 21399 ||| FLEEEEING.
 21401 | D:12     | 21401 ||| FLEEEEING.
 21404 | D:12     | 21404 ||| FLEEEEING.
 21405 | D:12     | 21405 ||| FLEEEEING.
 21406 | D:12     | 21406 ||| FLEEEEING.
 21408 | D:12     | 21408 ||| FLEEEEING.
 21412 | D:12     | 21412 ||| FLEEEEING.
 21413 | D:12     | 21413 ||| FLEEEEING.
 21414 | D:12     | 21414 ||| FLEEEEING.
 21415 | D:12     | 21415 ||| FLEEEEING.
 21420 | D:12     | 21420 ||| FLEEEEING.
 21432 | D:12     | 21432 ||| FLEEEEING.
 21433 | D:12     | 21433 ||| FLEEEEING.
 21434 | D:12     | 21434 ||| FLEEEEING.
 21528 | D:12     | Found a staircase to the Orcish Mines.
 21530 | D:12     | 21530 ||| INVOKING Heroism.
 21538 | D:12     | 21538 ||| Stepping ~*~*~tactically~*~*~ (stealth).
 21737 | D:12     | 21737 ||| Stepping ~*~*~tactically~*~*~ (stealth).
 21862 | D:12     | Found a blossoming altar of Fedhas.
 21873 | D:12     | 21873 ||| INVOKING Heroism.
 22050 | D:12     | 22050 ||| READING scroll of enchant armour.
 22050 | D:12     | 22050 ||| ENCHANTING +0 pair of gloves.
 22191 | D:13     | 22191 ||| Stepping ~*~*~tactically~*~*~ (stealth).
 22266 | D:13     | 22266 ||| INVOKING Heroism.
 22353 | D:13     | Reached skill level 17 in Axes
 22404 | D:13     | 22404 ||| Stepping ~*~*~tactically~*~*~ (hiding).
 22405 | D:13     | 22405 ||| Stepping ~*~*~tactically~*~*~ (hiding).
 22414 | D:13     | 22414 ||| INVOKING Heroism.
 22426 | D:13     | 22426 ||| Stepping ~*~*~tactically~*~*~ (stealth).
 22427 | D:13     | 22427 ||| Stepping ~*~*~tactically~*~*~ (stealth).
 22529 | D:13     | 22529 ||| INVOKING Heroism.
 22564 | D:13     | 22564 ||| Stepping ~*~*~tactically~*~*~ (hiding).
 22569 | D:13     | Noticed Urug
 22570 | D:13     | 22570 ||| INVOKING Heroism.
 22571 | D:13     | 22571 ||| INVOKING Finesse.
 22578 | D:13     | 22578 ||| Stepping ~*~*~tactically~*~*~ (hiding).
 22588 | D:13     | Killed Urug
 22595 | D:13     | HP: 20/97 [mirror damage (10)]
 22897 | D:13     | 22897 ||| INVOKING Heroism.
 22917 | D:13     | 22917 ||| FLEEEEING.
 22918 | D:13     | 22918 ||| FLEEEEING.
 22986 | D:13     | 22986 ||| FLEEEEING.
 22987 | D:13     | 22987 ||| FLEEEEING.
 22989 | D:13     | 22989 ||| FLEEEEING.
 23087 | D:13     | 23087 ||| FLEEEEING.
 23088 | D:13     | 23088 ||| FLEEEEING.
 23089 | D:13     | 23089 ||| FLEEEEING.
 23154 | D:13     | 23154 ||| Stepping ~*~*~tactically~*~*~ (hiding).
 23164 | D:13     | 23164 ||| INVOKING Heroism.
 23243 | D:13     | 23243 ||| Stepping ~*~*~tactically~*~*~ (hiding).
 23246 | D:13     | 23246 ||| INVOKING Heroism.
 23268 | D:13     | 23268 ||| FLEEEEING.
 23486 | D:13     | 23486 ||| INVOKING Heroism.
 23492 | D:13     | 23492 ||| FLEEEEING.
 23493 | D:13     | 23493 ||| FLEEEEING.
 23688 | D:13     | 23688 ||| INVOKING Heroism.
 23692 | D:13     | 23692 ||| FLEEEEING.
 23693 | D:13     | 23693 ||| FLEEEEING.
 23694 | D:13     | 23694 ||| FLEEEEING.
 23933 | D:13     | 23933 ||| INVOKING Heroism.
 23942 | D:13     | 23942 ||| FLEEEEING.
 23945 | D:13     | 23945 ||| FLEEEEING.
 23946 | D:13     | 23946 ||| FLEEEEING.
 23947 | D:13     | 23947 ||| FLEEEEING.
 24210 | D:13     | 24210 ||| FLEEEEING.
 24211 | D:13     | 24211 ||| FLEEEEING.
 24212 | D:13     | 24212 ||| FLEEEEING.
 24213 | D:13     | 24213 ||| FLEEEEING.
 24299 | D:13     | 24299 ||| FLEEEEING.
 24389 | D:13     | 24389 ||| FLEEEEING.
 24390 | D:13     | 24390 ||| FLEEEEING.
 24544 | D:13     | 24544 ||| FLEEEEING.
 24545 | D:13     | 24545 ||| FLEEEEING.
 24546 | D:13     | 24546 ||| FLEEEEING.
 24698 | D:13     | 24698 ||| FLEEEEING.
 24699 | D:13     | 24699 ||| FLEEEEING.
 24700 | D:13     | 24700 ||| FLEEEEING.
 24788 | D:13     | 24788 ||| FLEEEEING.
 24877 | D:13     | 24877 ||| FLEEEEING.
 24878 | D:13     | 24878 ||| FLEEEEING.
 24972 | D:13     | 24972 ||| FLEEEEING.
 24973 | D:13     | 24973 ||| FLEEEEING.
 24974 | D:13     | 24974 ||| FLEEEEING.
 24975 | D:13     | 24975 ||| FLEEEEING.
 24976 | D:13     | 24976 ||| FLEEEEING.
 24977 | D:13     | 24977 ||| FLEEEEING.
 24978 | D:13     | 24978 ||| FLEEEEING.
 25176 | D:13     | 25176 ||| FLEEEEING.
 25177 | D:13     | 25177 ||| FLEEEEING.
 25178 | D:13     | 25178 ||| FLEEEEING.
 25179 | D:13     | 25179 ||| FLEEEEING.
 25180 | D:13     | 25180 ||| FLEEEEING.
 25334 | D:13     | 25334 ||| FLEEEEING.
 25335 | D:13     | 25335 ||| FLEEEEING.
 25336 | D:13     | 25336 ||| FLEEEEING.
 25337 | D:13     | 25337 ||| FLEEEEING.
 25338 | D:13     | 25338 ||| FLEEEEING.
 25339 | D:13     | 25339 ||| FLEEEEING.
 25340 | D:13     | 25340 ||| FLEEEEING.
 25341 | D:13     | 25341 ||| FLEEEEING.
 25460 | D:13     | 25460 ||| FLEEEEING.
 25461 | D:13     | 25461 ||| FLEEEEING.
 25462 | D:13     | 25462 ||| FLEEEEING.
 25463 | D:13     | 25463 ||| FLEEEEING.
 25464 | D:13     | 25464 ||| FLEEEEING.
 25465 | D:13     | 25465 ||| FLEEEEING.
 25466 | D:13     | 25466 ||| FLEEEEING.
 25734 | D:13     | Identified the +1 robe of the Lily {rPois rCorr SInv}
 25957 | D:13     | 25957 ||| FLEEEEING.
 25958 | D:13     | 25958 ||| FLEEEEING.
 25959 | D:13     | 25959 ||| FLEEEEING.
 26079 | D:13     | 26079 ||| FLEEEEING.
 26080 | D:13     | 26080 ||| FLEEEEING.
 26081 | D:13     | 26081 ||| FLEEEEING.
 26167 | D:13     | 26167 ||| FLEEEEING.
 26259 | D:13     | 26259 ||| FLEEEEING.
 26260 | D:13     | 26260 ||| FLEEEEING.
 26261 | D:13     | 26261 ||| FLEEEEING.
 26262 | D:13     | 26262 ||| FLEEEEING.
 26263 | D:13     | 26263 ||| FLEEEEING.
 26500 | D:13     | 26500 ||| FLEEEEING.
 26501 | D:13     | 26501 ||| FLEEEEING.
 26502 | D:13     | 26502 ||| FLEEEEING.
 26652 | D:13     | 26652 ||| FLEEEEING.
 26653 | D:13     | 26653 ||| FLEEEEING.
 26743 | D:13     | 26743 ||| FLEEEEING.
 26744 | D:13     | 26744 ||| FLEEEEING.
 26745 | D:13     | 26745 ||| FLEEEEING.
 26746 | D:13     | 26746 ||| FLEEEEING.
 26838 | D:13     | 26838 ||| FLEEEEING.
 26839 | D:13     | 26839 ||| FLEEEEING.
 26840 | D:13     | 26840 ||| FLEEEEING.
 26841 | D:13     | 26841 ||| FLEEEEING.
 26842 | D:13     | 26842 ||| FLEEEEING.
 26843 | D:13     | 26843 ||| FLEEEEING.
 26844 | D:13     | 26844 ||| FLEEEEING.
 26931 | D:13     | 26931 ||| FLEEEEING.
 26932 | D:13     | 26932 ||| FLEEEEING.
 26933 | D:13     | 26933 ||| FLEEEEING.
 26934 | D:13     | 26934 ||| FLEEEEING.
 27083 | D:13     | 27083 ||| FLEEEEING.
 27084 | D:13     | 27084 ||| FLEEEEING.
 27174 | D:13     | 27174 ||| FLEEEEING.
 27175 | D:13     | 27175 ||| FLEEEEING.
 27176 | D:13     | 27176 ||| FLEEEEING.
 27177 | D:13     | 27177 ||| FLEEEEING.
 27275 | D:13     | 27275 ||| FLEEEEING.
 27276 | D:13     | 27276 ||| FLEEEEING.
 27277 | D:13     | 27277 ||| FLEEEEING.
 27278 | D:13     | 27278 ||| FLEEEEING.
 27279 | D:13     | 27279 ||| FLEEEEING.
 27280 | D:13     | 27280 ||| FLEEEEING.
 27281 | D:13     | 27281 ||| FLEEEEING.
 27282 | D:13     | 27282 ||| FLEEEEING.
 27283 | D:13     | 27283 ||| FLEEEEING.
 27521 | D:13     | 27521 ||| FLEEEEING.
 27522 | D:13     | 27522 ||| FLEEEEING.
 27523 | D:13     | 27523 ||| FLEEEEING.
 27524 | D:13     | 27524 ||| FLEEEEING.
 27525 | D:13     | 27525 ||| FLEEEEING.
 27792 | D:13     | 27792 ||| FLEEEEING.
 27793 | D:13     | 27793 ||| FLEEEEING.
 27794 | D:13     | 27794 ||| FLEEEEING.
 27947 | D:13     | 27947 ||| FLEEEEING.
 27948 | D:13     | 27948 ||| FLEEEEING.
 27949 | D:13     | 27949 ||| FLEEEEING.
 27950 | D:13     | 27950 ||| FLEEEEING.
 28220 | D:13     | 28220 ||| FLEEEEING.
 28221 | D:13     | 28221 ||| FLEEEEING.
 28222 | D:13     | 28222 ||| FLEEEEING.
 28223 | D:13     | 28223 ||| FLEEEEING.
 28378 | D:13     | 28378 ||| FLEEEEING.
 28379 | D:13     | 28379 ||| FLEEEEING.
 28380 | D:13     | 28380 ||| FLEEEEING.
 28381 | D:13     | 28381 ||| FLEEEEING.
 28529 | D:13     | 28529 ||| FLEEEEING.
 28530 | D:13     | 28530 ||| FLEEEEING.
 28620 | D:13     | 28620 ||| FLEEEEING.
 28621 | D:13     | 28621 ||| FLEEEEING.
 28622 | D:13     | 28622 ||| FLEEEEING.
 28623 | D:13     | 28623 ||| FLEEEEING.
 28867 | D:13     | 28867 ||| INVOKING Heroism.
 28883 | D:13     | 28883 ||| FLEEEEING.
 28889 | D:13     | 28889 ||| FLEEEEING.
 28890 | D:13     | 28890 ||| FLEEEEING.
 28890 | D:13     | HP: 22/98 [??? (5)]
 28891 | D:13     | 28891 ||| FLEEEEING.
 28892 | D:13     | 28892 ||| FLEEEEING.
 28893 | D:13     | 28893 ||| FLEEEEING.
 28894 | D:13     | 28894 ||| FLEEEEING.
 28895 | D:13     | 28895 ||| FLEEEEING.
 28896 | D:13     | 28896 ||| FLEEEEING.
 29211 | D:13     | 29211 ||| READING scroll labelled AHOUSHR EDYKHOM.
 29300 | D:14     | Received a gift from Okawaru
 29412 | D:14     | 29412 ||| READING scroll of enchant weapon.
 29412 | D:14     | 29412 ||| ENCHANTING +2 broad axe of flaming.
 29547 | D:14     | 29547 ||| INVOKING Heroism.
 29577 | D:14     | HP: 19/98 [something/shard of ice (27)]
 29589 | D:14     | HP: 4/98 [something (8)]
 29592 | D:14     | Killed from afar by a deep elf knight

Levels and vault maps discovered:
D:1:      roderic_chinese_lattice_arrival, layout_rooms
D:2:      layout_loops_ring, shapermc_ecumenical_altar_ellora
D:3:      layout_rooms, mainiacjoe_overflow_big_doors, serial_shops, shop
D:4:      layout_rooms, uniq_eustachio
D:5:      layout_cave_pools, cheibrodos_sewer_entry_drain
D:6:      layout_rooms, minmay_temple_entry_purple_smoke, lightli_orcish_oven
D:7:      layout_basic, vehumet_crystals
D:8:      layout_rooms, uniq_erica
D:9:      layout_long_grid, nzn_makhleb_speed_demon, hellmonk_ghost_big_iron,
          corexii_leaking_fountain, nrook_loot_triangle, uniq_psyche,
          uniq_erolcha, uniq_maurice
D:10:     lemuel_ogre_cave, layout_layer_cave, jmf_multi_god_temple
D:11:     layout_loops_cross, dpeg_lair_monsters, nicolae_elevator_lobby_plus
D:12:     layout_irregular_city, zombieorc1_lemuel, hangedman_feature_mirror
D:13:     cheibrodos_tormentor_scu, layout_basic, uniq_urug
D:14:     layout_roguey, grunt_vaults_entry_fortified, grunt_ministairs_10
Temple:   kb_temple_of_zot
Lair:1:   layout_layer_cave, portal_ice_cave_rime, special_room
          [special_room_bee], infiniplex_staircase_pool_2, serial_bayou_shore_b
Lair:2:   nzn_winding_woodlands_stair_cross [nzn_winding_woodlands_5x15_parted,
          nzn_winding_woodlands_center_diamonds,
          nzn_winding_woodlands_5x15_split_checker,
          nzn_winding_woodlands_5x5_default,
          nzn_winding_woodlands_5x5_closed_star,
          nzn_winding_woodlands_5x15_pathside_ponds,
          nzn_winding_woodlands_center_pierced_h,
          nzn_winding_woodlands_5x15_twine], layout_cave_pods,
          minmay_swamp_entry_worms, hellmonk_ghost_happy_afterlife,
          small_statue_intersection, grunt_forest_small_clearings,
          nicolae_lair_grove_arrangements, beast_lair_carwin_3,
          serial_bayou_shore_b
Lair:3:   layout_small_grid, hellmonk_spider_entry_life_and_decay,
          kennysheep_catoblepas_arena, uniq_gastronok, uniq_nergalle
Lair:4:   layout_hall_layers, dpeg_slime_entry_enclosed, serial_bayou_lagoon_a,
          serial_bayou_shore_a
Lair:5:   minmay_lair_end_frog_pond, layout_cave_pods, uniq_snorg

Skill      XL: |  1  2  3  4  5  6  7  8  9 10 11 12 13 14 15 |
---------------+----------------------------------------------+-----
Axes           | 2 3 4 5 6 7 8 9 10 11 13 14 16 17 | 17.0
Throwing       | 1 2 3 5 |  5.1
Fighting       | 4 5 6 7 8 9 10 11 12 13 | 13.0
Armour         | 4 5 6 7 9 11 12 | 12.3
Dodging        | 1 2 3 4 |  4.1
Invocations    | 5 9 10 | 10.0
Shields        | 4 5 6 7 8 |  8.0

Action                   |  1- 3 |  4- 6 |  7- 9 | 10-12 | 13-15 || total
-------------------------+-------+-------+-------+-------+-------++-------
Melee: War axe           |    54 |   121 |   335 |   265 |       ||   775
       Broad axe         |       |       |       |   146 |  1049 ||  1195
       Flail             |       |       |       |       |    61 ||    61
Throw: Javelin           |    15 |    12 |    21 |    24 |    20 ||    92
       Boomerang         |       |       |       |    51 |   103 ||   154
Invok: Heroism           |       |       |     6 |    18 |    51 ||    75
       Finesse           |       |       |       |     2 |    15 ||    17
  Use: Scroll            |     4 |     5 |    17 |     5 |     7 ||    38
       Potion            |       |     4 |     4 |     5 |     4 ||    17
Armor: Scale mail        |    19 |    60 |       |       |       ||    79
       Plate armour      |       |    26 |   189 |   267 |   533 ||  1015
Dodge: Dodged            |    29 |    34 |    89 |    95 |   309 ||   556
Block: Buckler           |     8 |    22 |    67 |   109 |   331 ||   537

Table legend:
 A = Non-vault XP
 B = Vault XP
 C = Vault XP percentage of total XP
 D = Non-vault monster count
 E = Vault monster count
 F = Vault count percentage of total count
                 A         B        C        D         E       F
            +---------+---------+-------+---------+---------+-------
      Total |   71729 |   45975 |  39.1 |     384 |     179 |  31.8
            +---------+---------+-------+---------+---------+-------
        D:1 |      12 |       0 |   0.0 |       7 |       0 |   0.0
        D:2 |     106 |       0 |   0.0 |      28 |       0 |   0.0
        D:3 |      86 |       0 |   0.0 |      17 |       0 |   0.0
        D:4 |     310 |     196 |  38.7 |      17 |       1 |   5.6
        D:5 |     700 |       4 |   0.6 |      26 |       2 |   7.1
        D:6 |     741 |      15 |   2.0 |      19 |       5 |  20.8
        D:7 |    1031 |       0 |   0.0 |      16 |       0 |   0.0
        D:8 |    2827 |     653 |  18.8 |      22 |       1 |   4.3
        D:9 |    1819 |    1723 |  48.6 |      20 |       3 |  13.0
       D:10 |    3227 |    1752 |  35.2 |      17 |       8 |  32.0
       D:11 |    4686 |    4041 |  46.3 |      16 |       5 |  23.8
       D:12 |    5805 |    1794 |  23.6 |      19 |      31 |  62.0
       D:13 |    7975 |    5377 |  40.3 |      16 |       7 |  30.4
       D:14 |    1368 |    2750 |  66.8 |       2 |       5 |  71.4
     Lair:1 |    3645 |    2505 |  40.7 |      17 |      26 |  60.5
     Lair:2 |    5238 |    9306 |  64.0 |      21 |      25 |  54.3
     Lair:3 |   10368 |    3793 |  26.8 |      30 |       6 |  16.7
     Lair:4 |   14185 |       0 |   0.0 |      50 |       0 |   0.0
     Lair:5 |    7600 |   11801 |  60.8 |      24 |      40 |  62.5
      Sewer |       0 |     265 | 100.0 |       0 |      14 | 100.0
            +---------+---------+-------+---------+---------+-------
